 Dungeon Crawl Stone Soup version 0.29.1-12-g30fa7ad0bf (webtiles) character file.

Game seed: 5638729426096936541

16 CaptainMV the Nimble (level 2, 0/20 HPs)
             Began as a Gnoll Wanderer on Dec 14, 2022.
             Slain by Terence
             ... wielding a +0 mace
              (2 damage)
             ... on level 2 of the Dungeon.
             The game lasted 00:06:28 (684 turns).

CaptainMV the Nimble (Gnoll Wanderer)                Turns: 684, Time: 00:06:29

Health: 0/20       AC:  7    Str:  8    XL:     2   Next: 54%
Magic:  5/5        EV: 15    Int: 10    God:
Gold:   52         SH:  5    Dex: 15    Spells: 6/6 levels left

rFire   . . .      SeeInvis .   j - +0 short sword (vamp)
rCold   . . .      Faith    .   c - +0 buckler
rNeg    . . .      Spirit   .   e - +0 leather armour
rPois   .          Reflect  .   l - +2 helmet
rElec   .          Harm     .   (no cloak)
rCorr   .          Rampage  .   (no gloves)
Will    .....                   h - +0 pair of boots
Stlth   +.........              (no amulet)
HPRegen 0.06/turn               (no ring)
MPRegen 0.09/turn               (no ring)

@: no status effects
A: fangs 1, strong nose, distributed training
a: no special abilities


You were on level 2 of the Dungeon.
You visited 1 branch of the dungeon, and saw 2 of its levels.

You collected 52 gold pieces.

Inventory:

Hand Weapons
 a - a +0 dagger
 f - a +0 flail
 g - a +0 dagger of freezing
 j - a +0 vampiric short sword (weapon)
Missiles
 b - 4 throwing nets (quivered)
Armour
 c - a +0 buckler (worn)
 e - a +0 leather armour (worn)
 h - a +0 pair of boots (worn)
 l - a +2 helmet (worn)
Scrolls
 d - a scroll of summoning
 i - 2 scrolls of identify {unknown}
Potions
 k - a potion of curing {unknown}


   Skills:
 + Level 0.5 Fighting
 + Level 0.5 Short Blades
 + Level 0.5 Long Blades
 + Level 0.5 Axes
 + Level 0.5 Maces & Flails
 + Level 0.5 Polearms
 + Level 0.5 Staves
 + Level 0.5 Ranged Weapons
 + Level 0.5 Throwing
 + Level 2.5 Armour
 + Level 8.5 Dodging
 + Level 0.5 Stealth
 + Level 4.5 Shields
 + Level 0.5 Unarmed Combat
 + Level 2.7 Spellcasting
 + Level 3.7 Conjurations
 + Level 0.3 Hexes
 + Level 0.3 Summonings
 + Level 0.3 Necromancy
 + Level 0.3 Translocations
 + Level 0.3 Transmutations
 + Level 0.3 Fire Magic
 + Level 0.3 Ice Magic
 + Level 0.3 Air Magic
 + Level 0.3 Earth Magic
 + Level 0.3 Poison Magic
 + Level 0.6 Invocations
 + Level 0.5 Evocations


You had 6 spell levels left.
You didn't know any spells.
Your spell library contained the following spells:

 Spells                   Type           Power      Damage    Failure   Level
 Searing Ray              Conj           16%        2d5       19%         2
 Static Discharge         Conj/Air       5%         3-4/arc   34%         2
 Scorch                   Fire           4%         2d5       56%         2
 Flame Wave               Conj/Fire      5%         2d5       93%         4
 Summon Cactus Giant      Summ           1%         N/A       100%        6


Dungeon Overview and Level Annotations

Branches:
Dungeon (2/15)

Altars:

Annotations:
D:2 Terence


Innate Abilities, Weirdness & Mutations

You have very sharp teeth.
Your uncanny sense of smell can sniff out nearby items.
Your experience applies equally to all skills.


Message History

You barely miss Terence. Your bite misses Terence. Terence closely misses you.
Terence misses you.
You barely miss Terence. Terence hits you with a +0 mace.
The frilled lizard misses you.
You closely miss the frilled lizard. Terence barely misses you.
The frilled lizard bites you.
You closely miss the frilled lizard. Terence barely misses you.
The frilled lizard bites you but does no damage.
You hit Terence.
You feel better.
Terence is lightly wounded.
Terence closely misses you. You block the frilled lizard's attack.
You hit Terence but do no damage.
Terence is lightly wounded.
You block Terence's attack.
The frilled lizard bites you but does no damage.
You hit Terence but do no damage.
Terence is lightly wounded.
Terence closely misses you. The frilled lizard barely misses you.
You hit Terence. Your bite misses Terence.
Terence is moderately wounded.
Terence hits you with a +0 mace.
* * * LOW HITPOINT WARNING * * *
The frilled lizard bites you but does no damage.
Terence closely misses you. The frilled lizard bites you.
* * * LOW HITPOINT WARNING * * *
You miss the frilled lizard.
An adder comes into view.
Terence misses you. The frilled lizard barely misses you.
Unknown command.
The adder hisses angrily.
You hit the frilled lizard.
You feel better.
You kill the frilled lizard!
The bat barely misses you. Terence hits you with a +0 mace.
* * * LOW HITPOINT WARNING * * *
Unknown command.
You barely miss Terence.
Terence is moderately wounded.
The bat misses you. The bat hits you but does no damage.
Terence hits you with a +0 mace.
You die...

###### ## ......
.>. ....$ ∆. ....
##.#.. ..
.....#..#.#####.##
........#........$
#.<#..b..#
#..[.@@S.#
#..(.##.....$
##.#.# .#.## #.#..
# #.#### #.# #.#
#.


You could see Terence, an adder and a bat.

Vanquished Creatures
  A dart slug (D:1)
  2 ball pythons (D:1)
  An endoplasm (D:1)
  A giant cockroach (D:1)
  4 hobgoblins (D:1)
  2 frilled lizards
  2 rats (D:1)
13 creatures vanquished.

Vanquished Creatures (others)
  A fungus (D:1)
1 creature vanquished.

Grand Total: 14 creatures vanquished

Notes
Turn   | Place    | Note
-------+----------+-------------------------------------------
     0 | D:1      | CaptainMV the Gnoll Wanderer began the quest for the Orb.
     0 | D:1      | CaptainMV set off with the following items: a +0 dagger, 4
                  | throwing nets, a +0 buckler, a scroll of summoning, a +0
                  | leather armour; and the following spells available to
                  | memorise: Searing Ray, Static Discharge.
     0 | D:1      | Reached XP level 1. HP: 13/13 MP: 4/4
   255 | D:1      | Reached XP level 2. HP: 14/19 MP: 5/5
   666 | D:2      | Noticed Terence
   684 | D:2      | Slain by Terence

Illustrated notes

Levels and vault maps discovered:
D:1:      tarquinn_simple_flora_water_e, layout_loops_ring,
          nicolae_eternal_life, st_stairs_8, dreamdust_mushroom_princess
D:2:      layout_basic, basic_altar, basic_ecumenical_altar, uniq_terence,
          uniq_robin

Action                   || total
-------------------------++-------
Melee: Dagger            ||    30
       Bite              ||    11
       Flail             ||     3
       Short sword       ||    28
 Stab: Sleeping          ||     1
Armor: Leather armour    ||    10
Dodge: Dodged            ||    39
Block: Buckler           ||    10
